Jets vs Flyers
(R1)
Created - May 5, 2017 at 19:03
Goals
|
Jets |
1 |
1 |
1 |
3 |
Flyers |
0 |
1 |
1 |
2 |
|
Shots
|
Jets |
8 |
10 |
13 |
31 |
Flyers |
3 |
9 |
17 |
29 |
|
1st period
1. Jets , Derek Stepan 12 (Anton Volchenkov 22) at 10:37
Penalties :
Steve McCarthy (Phi) for Delaying the game (Minor) at 1:10
2nd period
2. Flyers , Alexei Morozov 33 (Jeff Woywitka 38, Jonathan Ericsson 33) at 2:36
3. Jets , Derek Stepan 13 (Marco Scandella 21, Fredrik Sjostrom 4) at 3:32
Penalties :
Derek Roy (Win) for Hooking (Minor) at 8:17, Matthew Lombardi (Phi) for Slashing (Minor) at 12:22, Chris Kreider (Phi) for High sticking (Minor) at 15:00
3rd period
4. Jets , James Wright 3 (Tyler Myers 13, Eric Fehr 12) at 6:10
5. Flyers , Kyle Wellwood 24 (Rostislav Olesz 10, Jakub Voracek 34) at 14:24
Penalties :
No Penalty
Goalie Stats
Kari Lehtonen (Win), 27 saves from 29 shots - (0.931), W, 17-22-3, 60:00 minutes
Cory Schneider (Phi), 28 saves from 31 shots - (0.903), L, 25-14-8, 59:25 minutes
Players Stats for Jets
Player Name G A P +/- PIM S H SB GA TA FO MP PP MP PK MP
------------------------------------------------------------------------------------
Anton Volchenkov 0 1 1 -2 0 2 2 1 2 1 0/0 25:44 3:16 0:57
Benoit Pouliot 0 0 0 -1 0 4 1 1 1 0 0/0 19:50 3:06 0:44
Derek Roy 0 0 0 -1 2 6 2 0 1 0 13/29 20:32 3:06 0:00
Derek Stepan 2 0 2 2 0 3 2 0 0 1 1/3 14:14 2:51 0:15
Eric Fehr 0 1 1 1 0 0 0 0 1 0 0/0 10:27 0:03 0:00
Eric Gelinas 0 0 0 2 0 0 0 1 0 0 0/0 10:14 0:00 0:00
Fredrik Sjostrom 0 1 1 2 0 1 1 0 0 0 0/1 12:33 0:00 0:15
James Wright 1 0 1 1 0 2 0 0 0 0 2/9 13:53 2:51 1:00
Jimmy Hayes 0 0 0 2 0 2 2 0 0 0 0/0 11:11 0:00 0:00
Lee Stempniak 0 0 0 -1 0 0 2 1 1 0 1/1 19:04 2:51 0:00
Marcel Hossa 0 0 0 1 0 1 1 0 0 0 0/0 10:24 0:00 0:00
Marco Scandella 0 1 1 1 0 0 1 0 0 2 0/0 17:35 2:41 1:02
Michael Rupp 0 0 0 -1 0 1 1 1 0 0 1/1 15:12 0:00 1:00
Michal Rozsival 0 0 0 2 0 0 1 1 1 0 0/0 18:10 0:00 1:02
Mikko Koivu 0 0 0 -1 0 3 2 0 0 0 5/14 14:32 0:00 0:44
T.J. Oshie 0 0 0 -1 0 3 3 3 1 0 1/1 16:08 3:03 0:00
Travis Hamonic 0 0 0 -2 0 1 2 1 0 1 0/0 24:16 3:16 0:00
Tyler Myers 0 1 1 1 0 2 2 0 1 1 0/0 24:01 2:41 0:57
Players Stats for Flyers
Player Name G A P +/- PIM S H SB GA TA FO MP PP MP PK MP
------------------------------------------------------------------------------------
Alexei Morozov 1 0 1 0 0 6 3 0 1 1 1/1 21:08 1:05 1:45
Chris Kreider 0 0 0 -2 2 2 4 1 1 1 0/1 13:57 0:00 0:29
Dany Heatley 0 0 0 0 0 4 6 1 1 1 1/1 22:05 1:05 3:21
Jakub Voracek 0 1 1 1 0 4 0 0 0 0 0/0 16:43 0:54 0:00
Jeff Carter 0 0 0 0 0 4 3 0 2 1 22/38 25:43 1:05 3:21
Jeff Woywitka 0 1 1 2 0 0 0 2 0 1 0/0 25:09 0:50 3:11
John-Michael Liles 0 0 0 -1 0 0 0 0 0 0 0/0 3:21 0:00 0:00
Jonathan Ericsson 0 1 1 1 0 0 2 2 0 2 0/0 27:02 0:50 3:11
Kyle Wellwood 1 0 1 1 0 4 1 1 0 0 8/11 18:57 0:54 1:56
Mats Zuccarello 0 0 0 -2 0 0 1 1 1 0 0/0 13:58 0:00 0:40
Matt Smaby 0 0 0 -2 0 0 0 0 0 0 0/0 19:56 1:09 2:46
Matthew Lombardi 0 0 0 -2 2 2 0 0 0 0 2/5 13:40 0:00 0:00
Nathan Paetsch 0 0 0 0 0 0 1 2 0 0 0/0 13:22 0:00 1:04
Pavel Kubina 0 0 0 0 0 0 0 0 0 0 0/0 12:18 0:00 0:00
Rickard Wallin 0 0 0 0 0 0 0 0 0 0 1/2 5:00 0:00 0:00
Rostislav Olesz 0 1 1 1 0 2 1 0 0 1 0/0 17:24 0:54 0:22
Stefan Ruzicka 0 0 0 0 0 1 0 0 0 0 0/0 5:00 0:00 0:00
Steve McCarthy 0 0 0 -2 2 0 2 0 0 1 0/0 19:17 1:09 1:42
3 Stars
1 - Derek Stepan (Win)
2 - Kyle Wellwood (Phi)
3 - Alexei Morozov (Phi)
Power Play
Jets - 0 on 3 Attempt(s) - 0.00%
Flyers - 0 on 1 Attempt(s) - 0.00%
Penalty Kill
Jets - 1 on 1 Attempt(s) - 100.00%
- Score 0 goal in Penalty Kill
Flyers - 3 on 3 Attempt(s) - 100.00%
- Score 0 goal in Penalty Kill
Team Stat
Jets - Hits : 25 - Faceoff Wins : 24 - Blocked Shots : 10 - Penalty Minutes : 2
Flyers - Hits : 24 - Faceoff Wins : 35 - Blocked Shots : 10 - Penalty Minutes : 6
Official
Referees : Charron Francis and Furlatt Eric
Linesman : Mark Shewchyk and Scott Driscoll
Game Notes
No Game Note
Finance
Level 1 -- Attendance: 5260 (87.67%) -- Ticket Income $447,100
Level 2 -- Attendance: 5000 (100.00%) -- Ticket Income $250,000
Level 3 -- Attendance: 2000 (100.00%) -- Ticket Income $60,000
Level 4 -- Attendance: 3609 (90.23%) -- Ticket Income $72,180
Luxury Box -- Attendance: 701 (70.10%) -- Ticket Income $115,665
Game was played at the Wells Fargo Center.
Total Attendance: 16570 (92.06%)
Total Ticket Income: $944,945
Other Income: $141,742
Total Income: $1,086,687
Jets
5 vs 5 Forward
Center Left Wing Right Wing Time % Phy DF OF
1 Derek Roy Benoit Pouliot Lee Stempniak 35 1 2 2
2 Mikko Koivu Michael Rupp T.J. Oshie 30 1 2 2
3 Derek Stepan Fredrik Sjostrom Jimmy Hayes 20 1 2 2
4 James Wright Marcel Hossa Eric Fehr 15 1 2 2
5 vs 5 Defense
Defense Defense Time % Phy DF OF
1 Travis Hamonic Anton Volchenkov 40 1 3 1
2 Michal Rozsival Tyler Myers 30 1 3 1
3 Eric Gelinas Marco Scandella 20 1 2 2
4 Marco Scandella Tyler Myers 10 1 2 2
PowerPlay Forward
Center Left Wing Right Wing Time % Phy DF OF
1 Derek Roy Benoit Pouliot T.J. Oshie 60 1 0 4
2 Derek Stepan James Wright Lee Stempniak 40 0 0 5
PowerPlay Defense
Defense Defense Time % Phy DF OF
1 Anton Volchenkov Travis Hamonic 60 0 1 4
2 Tyler Myers Marco Scandella 40 0 1 4
Penalty Kill 4 Players Forward
Center Wing Time % Phy DF OF
1 James Wright Michael Rupp 60 0 4 1
2 Derek Roy Benoit Pouliot 40 0 4 1
Penalty Kill 4 Players Defense
Defense Defense Time % Phy DF OF
1 Anton Volchenkov Tyler Myers 60 1 2 2
2 Michal Rozsival Marco Scandella 40 1 2 2
Penalty Kill - 3 Players Forward
Forward Time % Phy DF OF
1 Derek Roy 60 0 5 0
2 James Wright 40 0 5 0
Penalty Kill - 3 Players Defense
Defense Defense Time % Phy DF OF
1 Anton Volchenkov Tyler Myers 60 0 5 0
2 Marco Scandella Michal Rozsival 40 0 5 0
4 vs 4 Forward
Center Wing Time % Phy DF OF
1 Derek Roy Benoit Pouliot 60 1 2 2
2 Mikko Koivu Lee Stempniak 40 1 2 2
4 vs 4 Defense
Defense Defense Time % Phy DF OF
1 Anton Volchenkov Tyler Myers 60 1 2 2
2 Travis Hamonic Marco Scandella 40 1 2 2
Last Minutes Offensive
Center Left Wing Right Wing Defense Defense
Derek Roy Benoit Pouliot T.J. Oshie Travis Hamonic Anton Volchenkov
Last Minutes Defensive
Center Left Wing Right Wing Defense Defense
Derek Roy Fredrik Sjostrom Michael Rupp Travis Hamonic Anton Volchenkov
Goaltenders
Starting : Kari Lehtonen
Backup : Jacob Markstrom
Extra Forwards
Normal : James Wright, Benoit Pouliot, Derek Roy - PP : Derek Roy, Benoit Pouliot - PK : Derek Roy
Extra Defensemen
Normal : Anton Volchenkov, Michal Rozsival, Tyler Myers - PP : Marco Scandella - PK : Michal Rozsival, Anton Volchenkov
Penalty Shots
Lee Stempniak, Benoit Pouliot, Derek Roy, Mikko Koivu, James Wright
Scratches
Dustin Brown (Left Ankle Injury), Greg Zanon (Healthy), Kevin Klein (Healthy)
Flyers
5 vs 5 Forward
Center Left Wing Right Wing Time % Phy DF OF
1 Jeff Carter Dany Heatley Alexei Morozov 40 1 2 2
2 Kyle Wellwood Rostislav Olesz Jakub Voracek 30 1 2 2
3 Matthew Lombardi Chris Kreider Mats Zuccarello 20 1 2 2
4 Rickard Wallin Jeff Carter Stefan Ruzicka 10 1 2 2
5 vs 5 Defense
Defense Defense Time % Phy DF OF
1 Jonathan Ericsson Jeff Woywitka 40 1 2 2
2 Matt Smaby Steve McCarthy 30 1 2 2
3 Pavel Kubina Nathan Paetsch 20 1 2 2
4 John-Michael Liles Jonathan Ericsson 10 1 2 2
PowerPlay Forward
Center Left Wing Right Wing Time % Phy DF OF
1 Jeff Carter Dany Heatley Alexei Morozov 60 1 2 2
2 Kyle Wellwood Rostislav Olesz Jakub Voracek 40 1 2 2
PowerPlay Defense
Defense Defense Time % Phy DF OF
1 Jonathan Ericsson Jeff Woywitka 60 1 2 2
2 Matt Smaby Steve McCarthy 40 1 2 2
Penalty Kill 4 Players Forward
Center Wing Time % Phy DF OF
1 Jeff Carter Dany Heatley 60 1 2 2
2 Kyle Wellwood Alexei Morozov 40 1 2 2
Penalty Kill 4 Players Defense
Defense Defense Time % Phy DF OF
1 Jonathan Ericsson Jeff Woywitka 60 1 2 2
2 Matt Smaby Steve McCarthy 40 1 2 2
Penalty Kill - 3 Players Forward
Forward Time % Phy DF OF
1 Jeff Carter 60 1 2 2
2 Dany Heatley 40 1 2 2
Penalty Kill - 3 Players Defense
Defense Defense Time % Phy DF OF
1 Jonathan Ericsson Jeff Woywitka 60 1 2 2
2 Matt Smaby Steve McCarthy 40 1 2 2
4 vs 4 Forward
Center Wing Time % Phy DF OF
1 Jeff Carter Dany Heatley 60 1 2 2
2 Kyle Wellwood Alexei Morozov 40 1 2 2
4 vs 4 Defense
Defense Defense Time % Phy DF OF
1 Jonathan Ericsson Jeff Woywitka 60 1 2 2
2 Matt Smaby Steve McCarthy 40 1 2 2
Last Minutes Offensive
Center Left Wing Right Wing Defense Defense
Jeff Carter Dany Heatley Alexei Morozov Jonathan Ericsson Jeff Woywitka
Last Minutes Defensive
Center Left Wing Right Wing Defense Defense
Jeff Carter Dany Heatley Alexei Morozov Jonathan Ericsson Jeff Woywitka
Goaltenders
Starting : Cory Schneider
Backup : Steve Mason
Extra Forwards
Normal : Matthew Lombardi, Chris Kreider, Mats Zuccarello - PP : Matthew Lombardi, Chris Kreider - PK : Mats Zuccarello
Extra Defensemen
Normal : Pavel Kubina, Nathan Paetsch, John-Michael Liles - PP : Pavel Kubina - PK : Nathan Paetsch, John-Michael Liles
Penalty Shots
Jeff Carter, Dany Heatley, Kyle Wellwood, Alexei Morozov, Rostislav Olesz
Scratches
Adam Mair (Healthy), Brock Nelson (Healthy), Jeff O'Neill (Strained Right Knee Injury)
% Time on Ice - Jets
Lines # - Real PCT - Wanted PCT - Time Play
Normal Forward
1 - 31% - 35% - 15:57
2 - 26% - 30% - 13:25
3 - 22% - 20% - 11:11
4 - 20% - 15% - 10:24
Normal Defense
1 - 39% - 40% - 19:57
2 - 33% - 30% - 16:38
3 - 20% - 20% - 10:00
4 - 9% - 10% - 4:22
PP Forward
1 - 52% - 60% - 3:06
2 - 48% - 40% - 2:51
PP Defense
1 - 55% - 60% - 3:16
2 - 45% - 40% - 2:41
PK Forward
1 - 87% - 60% - 1:44
2 - 13% - 40% - 0:15
PK Defense
1 - 48% - 60% - 0:57
2 - 52% - 40% - 1:02
PK3 Forward
1 - 0% - 60%
2 - 0% - 40%
PK3 Defense
1 - 0% - 60%
2 - 0% - 40%
44 Forward
1 - 0% - 60%
2 - 0% - 40%
44 Defense
1 - 0% - 60%
2 - 0% - 40%
Last Minute Offensive - 0:00
Last Minute Defensive - 1:07
Total
Forward - 60:00
Defense - 60:00
|
% Time on Ice - Flyers
Lines # - Real PCT - Wanted PCT - Time Play
Normal Forward
1 - 33% - 40% - 16:51
2 - 32% - 30% - 16:28
3 - 25% - 20% - 12:38
4 - 10% - 10% - 5:00
Normal Defense
1 - 38% - 40% - 19:17
2 - 31% - 30% - 16:01
3 - 24% - 20% - 12:18
4 - 7% - 10% - 3:21
PP Forward
1 - 55% - 60% - 1:05
2 - 45% - 40% - 0:54
PP Defense
1 - 42% - 60% - 0:50
2 - 58% - 40% - 1:09
PK Forward
1 - 71% - 60% - 4:12
2 - 29% - 40% - 1:45
PK Defense
1 - 54% - 60% - 3:11
2 - 46% - 40% - 2:46
PK3 Forward
1 - 0% - 60%
2 - 0% - 40%
PK3 Defense
1 - 0% - 60%
2 - 0% - 40%
44 Forward
1 - 0% - 60%
2 - 0% - 40%
44 Defense
1 - 0% - 60%
2 - 0% - 40%
Last Minute Offensive - 1:07
Last Minute Defensive - 0:00
Total
Forward - 60:00
Defense - 60:00
|
Play by Play
1st period
0:01 of 1st period - Jeff Carter wins face-off versus Derek Roy in neutral zone.
0:06 of 1st period - Snap shot by Alexei Morozov.
0:06 of 1st period - Shot Misses the Net.
0:33 of 1st period - Snap shot by Mikko Koivu.
0:33 of 1st period - Shot Misses the Net.
1:10 of 1st period - Minor Penalty to Steve McCarthy for Delaying the game.
1:11 of 1st period - Derek Roy wins face-off versus Jeff Carter in Flyers zone.
1:58 of 1st period - Kyle Wellwood is hit by Anton Volchenkov and loses puck.
2:23 of 1st period - Snap shot by Lee Stempniak.
2:23 of 1st period - Shot Misses the Net.
2:25 of 1st period - Slapshot by Anton Volchenkov.
2:25 of 1st period - Stopped by Cory Schneider without a rebound.
2:26 of 1st period - T.J. Oshie wins face-off versus Jeff Carter in Flyers zone.
3:10 of 1st period - Penalty to Steve McCarthy is over, Steve McCarthy is back on ice.
3:18 of 1st period - Snap shot by Alexei Morozov.
3:18 of 1st period - Shot Blocked by T.J. Oshie.
3:24 of 1st period - Snap shot by Alexei Morozov.
3:24 of 1st period - Shot Misses the Net.
3:30 of 1st period - Jeff Woywitka is hit by T.J. Oshie and loses puck.
4:02 of 1st period - Nathan Paetsch is hit by Travis Hamonic and loses puck.
4:52 of 1st period - Matt Smaby is hit by Fredrik Sjostrom and loses puck.
5:17 of 1st period - Pavel Kubina is hit by Derek Roy and loses puck.
6:10 of 1st period - Wrist shot by Benoit Pouliot.
6:10 of 1st period - Shot Blocked by Kyle Wellwood.
7:03 of 1st period - Jeff Woywitka is hit by Derek Roy and loses puck.
7:38 of 1st period - Wrist shot by Eric Fehr.
7:38 of 1st period - Shot Hit the Post.
8:07 of 1st period - Rostislav Olesz is hit by Derek Stepan.
8:13 of 1st period - Tyler Myers is hit by Dany Heatley and loses puck.
8:39 of 1st period - Matt Smaby is hit by Mikko Koivu and loses puck.
9:05 of 1st period - Snap shot by Stefan Ruzicka.
9:05 of 1st period - Stopped by Kari Lehtonen with a rebound.
10:06 of 1st period - Jakub Voracek is hit by Lee Stempniak and loses puck.
10:13 of 1st period - Kyle Wellwood is hit by Tyler Myers and loses puck.
10:32 of 1st period - Chris Kreider is hit by Jimmy Hayes and loses puck.
10:37 of 1st period - Wrist shot by Derek Stepan.
10:37 of 1st period - Goal by Derek Stepan - Jets : 1 - Flyers : 0.
10:38 of 1st period - Mikko Koivu wins face-off versus Jeff Carter in neutral zone.
11:04 of 1st period - Rostislav Olesz is hit by Lee Stempniak and loses puck.
11:15 of 1st period - Tyler Myers is hit by Kyle Wellwood and loses puck.
11:53 of 1st period - Slapshot by Tyler Myers.
11:53 of 1st period - Stopped by Cory Schneider without a rebound.
11:54 of 1st period - Jeff Carter wins face-off versus James Wright in Flyers zone.
11:54 of 1st period - Jeff Carter is hit by Marcel Hossa.
12:48 of 1st period - Slapshot by Mikko Koivu.
12:48 of 1st period - Stopped by Cory Schneider with a rebound.
13:27 of 1st period - Jakub Voracek is hit by Jimmy Hayes and loses puck.
15:17 of 1st period - Alexei Morozov is hit by Travis Hamonic and loses puck.
15:42 of 1st period - Icing by Jonathan Ericsson.
15:43 of 1st period - Mikko Koivu wins face-off versus Kyle Wellwood in Flyers zone.
15:46 of 1st period - Wrist shot by Mikko Koivu.
15:46 of 1st period - Stopped by Cory Schneider without a rebound.
15:47 of 1st period - Jeff Carter wins face-off versus Derek Roy in Flyers zone.
16:14 of 1st period - Mats Zuccarello is hit by T.J. Oshie and loses puck.
16:34 of 1st period - Icing by Rostislav Olesz.
16:35 of 1st period - Kyle Wellwood wins face-off versus Derek Stepan in Flyers zone.
17:12 of 1st period - Icing by Kyle Wellwood.
17:13 of 1st period - Kyle Wellwood wins face-off versus Derek Roy in Flyers zone.
17:25 of 1st period - Off-side.
17:26 of 1st period - Jeff Carter wins face-off versus Derek Roy in neutral zone.
17:26 of 1st period - Jeff Carter is hit by Benoit Pouliot.
17:36 of 1st period - Slapshot by Derek Roy.
17:36 of 1st period - Stopped by Cory Schneider with a rebound.
17:38 of 1st period - Snap shot by Anton Volchenkov.
17:38 of 1st period - Stopped by Cory Schneider without a rebound.
17:39 of 1st period - Jeff Carter wins face-off versus Derek Roy in Flyers zone.
17:39 of 1st period - Alexei Morozov is hit by Anton Volchenkov and loses puck.
17:46 of 1st period - Snap shot by Derek Roy.
17:46 of 1st period - Stopped by Cory Schneider with a rebound.
18:56 of 1st period - Wrist shot by Jeff Carter.
18:56 of 1st period - Stopped by Kari Lehtonen with a rebound.
18:58 of 1st period - Wrist shot by Alexei Morozov.
18:58 of 1st period - Stopped by Kari Lehtonen without a rebound.
18:59 of 1st period - Derek Roy wins face-off versus Jeff Carter in Jets zone.
18:59 of 1st period - Derek Roy is hit by Alexei Morozov.
19:28 of 1st period - Icing by Alexei Morozov.
19:29 of 1st period - Jeff Carter wins face-off versus James Wright in Flyers zone.
19:36 of 1st period - Marcel Hossa is hit by Dany Heatley.
19:51 of 1st period - Tyler Myers is hit by Jonathan Ericsson and loses puck.
19:58 of 1st period - Snap shot by James Wright.
19:58 of 1st period - Shot Blocked by Jonathan Ericsson.
Goals for this period are 1 for Jets vs 0 for Flyers.
Shots for this period are 8 for Jets vs 3 for Flyers.
2nd period
0:01 of 2nd period - Jeff Carter wins face-off versus Derek Roy in neutral zone.
0:15 of 2nd period - Snap shot by Alexei Morozov.
0:15 of 2nd period - Stopped by Kari Lehtonen without a rebound.
0:16 of 2nd period - Jeff Carter wins face-off versus Mikko Koivu in Jets zone.
1:03 of 2nd period - Wrist shot by Kyle Wellwood.
1:03 of 2nd period - Stopped by Kari Lehtonen with a rebound.
2:12 of 2nd period - Wrist shot by Derek Roy.
2:12 of 2nd period - Stopped by Cory Schneider without a rebound.
2:13 of 2nd period - Mikko Koivu wins face-off versus Matthew Lombardi in Flyers zone.
2:14 of 2nd period - Snap shot by Michael Rupp.
2:14 of 2nd period - Shot Blocked by Jeff Woywitka.
2:16 of 2nd period - Slapshot by Travis Hamonic.
2:16 of 2nd period - Stopped by Cory Schneider with a rebound.
2:22 of 2nd period - Snap shot by T.J. Oshie.
2:22 of 2nd period - Shot Blocked by Jeff Woywitka.
2:24 of 2nd period - Snap shot by Michael Rupp.
2:24 of 2nd period - Stopped by Cory Schneider without a rebound.
2:25 of 2nd period - Jeff Carter wins face-off versus Derek Roy in Flyers zone.
2:32 of 2nd period - Slapshot by Jonathan Ericsson.
2:32 of 2nd period - Shot Blocked by Travis Hamonic.
2:36 of 2nd period - Snap shot by Alexei Morozov.
2:36 of 2nd period - Goal by Alexei Morozov - Jets : 1 - Flyers : 1.
2:37 of 2nd period - Jeff Carter wins face-off versus Derek Roy in neutral zone.
2:40 of 2nd period - Benoit Pouliot is hit by Jeff Carter and loses puck.
3:32 of 2nd period - Snap shot by Derek Stepan.
3:32 of 2nd period - Goal by Derek Stepan - Jets : 2 - Flyers : 1.
3:33 of 2nd period - Derek Roy wins face-off versus Jeff Carter in neutral zone.
3:36 of 2nd period - Jeff Carter is hit by Michal Rozsival and loses puck.
4:42 of 2nd period - Wrist shot by Fredrik Sjostrom.
4:42 of 2nd period - Shot Blocked by Chris Kreider.
4:58 of 2nd period - Icing by Matthew Lombardi.
4:59 of 2nd period - Matthew Lombardi wins face-off versus Derek Roy in Flyers zone.
5:06 of 2nd period - Snap shot by Alexei Morozov.
5:06 of 2nd period - Shot Misses the Net.
6:21 of 2nd period - James Wright is hit by Steve McCarthy and loses puck.
6:28 of 2nd period - Eric Fehr is hit by Dany Heatley and loses puck.
6:35 of 2nd period - Backhand shot by Marcel Hossa.
6:35 of 2nd period - Stopped by Cory Schneider without a rebound.
6:36 of 2nd period - Derek Roy wins face-off versus Matthew Lombardi in Flyers zone.
6:37 of 2nd period - Snap shot by Benoit Pouliot.
6:37 of 2nd period - Stopped by Cory Schneider with a rebound.
8:17 of 2nd period - Minor Penalty to Derek Roy for Hooking.
8:18 of 2nd period - Alexei Morozov wins face-off versus James Wright in Jets zone.
8:19 of 2nd period - Wrist shot by Jeff Carter.
8:19 of 2nd period - Stopped by Kari Lehtonen without a rebound.
8:20 of 2nd period - Jeff Carter wins face-off versus James Wright in Jets zone.
8:21 of 2nd period - Snap shot by Alexei Morozov.
8:21 of 2nd period - Deflect By Dany Heatley.
8:21 of 2nd period - Shot Blocked by Michael Rupp.
8:21 of 2nd period - Puck is out of play.
8:22 of 2nd period - James Wright wins face-off versus Jeff Carter in Jets zone.
9:35 of 2nd period - Alexei Morozov is hit by Mikko Koivu and loses puck.
10:17 of 2nd period - Penalty to Derek Roy is over, Derek Roy is back on ice.
10:28 of 2nd period - Wrist shot by Chris Kreider.
10:28 of 2nd period - Stopped by Kari Lehtonen with a rebound.
10:34 of 2nd period - Snap shot by Matthew Lombardi.
10:34 of 2nd period - Stopped by Kari Lehtonen without a rebound.
10:35 of 2nd period - Matthew Lombardi wins face-off versus Derek Roy in Jets zone.
10:36 of 2nd period - Wrist shot by Chris Kreider.
10:36 of 2nd period - Stopped by Kari Lehtonen without a rebound.
10:37 of 2nd period - Derek Roy wins face-off versus Matthew Lombardi in Jets zone.
11:07 of 2nd period - Dany Heatley is hit by Michael Rupp and loses puck.
12:14 of 2nd period - Wrist shot by James Wright.
12:14 of 2nd period - Shot Misses the Net.
12:16 of 2nd period - Slapshot by Tyler Myers.
12:16 of 2nd period - Shot Misses the Net.
12:22 of 2nd period - Minor Penalty to Matthew Lombardi for Slashing.
12:23 of 2nd period - Derek Roy wins face-off versus Jeff Carter in Flyers zone.
13:49 of 2nd period - Benoit Pouliot is hit by Chris Kreider and loses puck.
14:22 of 2nd period - Penalty to Matthew Lombardi is over, Matthew Lombardi is back on ice.
14:49 of 2nd period - Icing by Eric Fehr.
14:50 of 2nd period - Mikko Koivu wins face-off versus Chris Kreider in Jets zone.
14:50 of 2nd period - Mikko Koivu is hit by Chris Kreider.
14:57 of 2nd period - Anton Volchenkov is hit by Nathan Paetsch and loses puck.
15:00 of 2nd period - Minor Penalty to Chris Kreider for High sticking.
15:01 of 2nd period - Derek Roy wins face-off versus Jeff Carter in Flyers zone.
15:12 of 2nd period - Snap shot by T.J. Oshie.
15:12 of 2nd period - Stopped by Cory Schneider with a rebound.
15:14 of 2nd period - Slapshot by Tyler Myers.
15:14 of 2nd period - Deflect By T.J. Oshie.
15:14 of 2nd period - Shot Misses the Net.
15:14 of 2nd period - Puck is out of play.
15:15 of 2nd period - Jeff Carter wins face-off versus Derek Roy in Flyers zone.
15:30 of 2nd period - Wrist shot by Benoit Pouliot.
15:30 of 2nd period - Shot Misses the Net.
16:17 of 2nd period - T.J. Oshie is hit by Alexei Morozov and loses puck.
16:30 of 2nd period - Derek Stepan is hit by Dany Heatley and loses puck.
16:43 of 2nd period - Travis Hamonic is hit by Jonathan Ericsson and loses puck.
17:00 of 2nd period - Penalty to Chris Kreider is over, Chris Kreider is back on ice.
17:09 of 2nd period - Derek Stepan is hit by Chris Kreider and loses puck.
17:22 of 2nd period - Wrist shot by Jeff Carter.
17:22 of 2nd period - Stopped by Kari Lehtonen with a rebound.
17:42 of 2nd period - Icing by Pavel Kubina.
17:43 of 2nd period - Kyle Wellwood wins face-off versus Mikko Koivu in Flyers zone.
17:43 of 2nd period - Kyle Wellwood is hit by Marco Scandella.
18:25 of 2nd period - Icing by Jeff Carter.
18:26 of 2nd period - Derek Roy wins face-off versus Jeff Carter in Flyers zone.
18:27 of 2nd period - Slapshot by Benoit Pouliot.
18:27 of 2nd period - Stopped by Cory Schneider without a rebound.
18:28 of 2nd period - Derek Roy wins face-off versus Kyle Wellwood in Flyers zone.
19:19 of 2nd period - Snap shot by Jimmy Hayes.
19:19 of 2nd period - Stopped by Cory Schneider with a rebound.
19:41 of 2nd period - Wrist shot by Jakub Voracek.
19:41 of 2nd period - Stopped by Kari Lehtonen without a rebound.
19:42 of 2nd period - Derek Roy wins face-off versus Kyle Wellwood in Jets zone.
19:49 of 2nd period - Snap shot by Lee Stempniak.
19:49 of 2nd period - Shot Misses the Net.
19:51 of 2nd period - Slapshot by Benoit Pouliot.
19:51 of 2nd period - Stopped by Cory Schneider without a rebound.
19:52 of 2nd period - Derek Roy wins face-off versus Jeff Carter in Flyers zone.
Goals for this period are 1 for Jets vs 1 for Flyers.
Shots for this period are 10 for Jets vs 9 for Flyers.
3rd period
0:01 of 3rd period - Dany Heatley wins face-off versus Derek Roy in neutral zone.
0:08 of 3rd period - Wrist shot by Dany Heatley.
0:08 of 3rd period - Stopped by Kari Lehtonen with a rebound.
0:16 of 3rd period - Slapshot by Travis Hamonic.
0:16 of 3rd period - Shot Blocked by Jonathan Ericsson.
1:11 of 3rd period - Slapshot by Lee Stempniak.
1:11 of 3rd period - Shot Blocked by Nathan Paetsch.
1:47 of 3rd period - Off-side.
1:48 of 3rd period - Jeff Carter wins face-off versus James Wright in neutral zone.
2:04 of 3rd period - Icing by Tyler Myers.
2:05 of 3rd period - Kyle Wellwood wins face-off versus James Wright in Jets zone.
2:33 of 3rd period - Slapshot by James Wright.
2:33 of 3rd period - Shot Misses the Net.
2:40 of 3rd period - Off-side.
2:41 of 3rd period - Derek Roy wins face-off versus Jeff Carter in neutral zone.
3:34 of 3rd period - Wrist shot by Mats Zuccarello.
3:34 of 3rd period - Shot Misses the Net.
4:00 of 3rd period - Marcel Hossa is hit by Steve McCarthy and loses puck.
4:27 of 3rd period - Wrist shot by Michael Rupp.
4:27 of 3rd period - Deflect By T.J. Oshie.
4:27 of 3rd period - Stopped by Cory Schneider with a rebound.
4:33 of 3rd period - Slapshot by Mikko Koivu.
4:33 of 3rd period - Stopped by Cory Schneider with a rebound.
4:49 of 3rd period - Snap shot by Kyle Wellwood.
4:49 of 3rd period - Stopped by Kari Lehtonen with a rebound.
4:51 of 3rd period - Slapshot by Jakub Voracek.
4:51 of 3rd period - Shot Misses the Net.
4:53 of 3rd period - Wrist shot by Kyle Wellwood.
4:53 of 3rd period - Stopped by Kari Lehtonen without a rebound.
4:54 of 3rd period - Jeff Carter wins face-off versus Derek Roy in Jets zone.
4:57 of 3rd period - Snap shot by Jeff Carter.
4:57 of 3rd period - Shot Misses the Net.
4:59 of 3rd period - Snap shot by Alexei Morozov.
4:59 of 3rd period - Shot Misses the Net.
5:01 of 3rd period - Slapshot by Pavel Kubina.
5:01 of 3rd period - Shot Blocked by Anton Volchenkov.
5:03 of 3rd period - Slapshot by Nathan Paetsch.
5:03 of 3rd period - Shot Blocked by Benoit Pouliot.
5:05 of 3rd period - Wrist shot by Pavel Kubina.
5:05 of 3rd period - Shot Misses the Net.
5:07 of 3rd period - Snap shot by Alexei Morozov.
5:07 of 3rd period - Shot Misses the Net.
5:19 of 3rd period - Mats Zuccarello is hit by T.J. Oshie and loses puck.
5:46 of 3rd period - Snap shot by Derek Stepan.
5:46 of 3rd period - Stopped by Cory Schneider with a rebound.
6:06 of 3rd period - Snap shot by James Wright.
6:06 of 3rd period - Stopped by Cory Schneider with a rebound.
6:10 of 3rd period - Slapshot by James Wright.
6:10 of 3rd period - Goal by James Wright - Jets : 3 - Flyers : 1.
6:11 of 3rd period - Lee Stempniak wins face-off versus Jeff Carter in neutral zone.
6:28 of 3rd period - Snap shot by Alexei Morozov.
6:28 of 3rd period - Shot Misses the Net.
7:02 of 3rd period - Off-side.
7:03 of 3rd period - Jeff Carter wins face-off versus Derek Stepan in neutral zone.
7:06 of 3rd period - Travis Hamonic is hit by Jeff Carter and loses puck.
7:17 of 3rd period - Snap shot by Alexei Morozov.
7:17 of 3rd period - Stopped by Kari Lehtonen with a rebound.
8:20 of 3rd period - Wrist shot by Marcel Hossa.
8:20 of 3rd period - Shot Misses the Net.
9:45 of 3rd period - Slapshot by Jimmy Hayes.
9:45 of 3rd period - Shot Misses the Net.
9:47 of 3rd period - Slapshot by Marco Scandella.
9:47 of 3rd period - Shot Misses the Net.
9:49 of 3rd period - Wrist shot by Jimmy Hayes.
9:49 of 3rd period - Stopped by Cory Schneider with a rebound.
9:51 of 3rd period - Slapshot by Marco Scandella.
9:51 of 3rd period - Shot Blocked by Mats Zuccarello.
10:09 of 3rd period - Wrist shot by Jakub Voracek.
10:09 of 3rd period - Shot Blocked by Lee Stempniak.
10:34 of 3rd period - Slapshot by Steve McCarthy.
10:34 of 3rd period - Deflect By Jakub Voracek.
10:34 of 3rd period - Stopped by Kari Lehtonen with a rebound.
10:40 of 3rd period - Snap shot by Jakub Voracek.
10:40 of 3rd period - Shot Blocked by T.J. Oshie.
10:48 of 3rd period - Slapshot by Rostislav Olesz.
10:48 of 3rd period - Stopped by Kari Lehtonen with a rebound.
10:50 of 3rd period - Slapshot by Jonathan Ericsson.
10:50 of 3rd period - Deflect By Jakub Voracek.
10:50 of 3rd period - Shot Blocked by Michal Rozsival.
10:50 of 3rd period - Puck is out of play.
10:51 of 3rd period - Jeff Carter wins face-off versus James Wright in Jets zone.
10:52 of 3rd period - Backhand shot by Dany Heatley.
10:52 of 3rd period - Stopped by Kari Lehtonen with a rebound.
11:23 of 3rd period - Wrist shot by Matthew Lombardi.
11:23 of 3rd period - Shot Blocked by Eric Gelinas.
11:30 of 3rd period - Icing by Eric Gelinas.
11:31 of 3rd period - James Wright wins face-off versus Jeff Carter in Jets zone.
11:31 of 3rd period - James Wright is hit by Jeff Carter.
12:00 of 3rd period - Marco Scandella is hit by Rostislav Olesz.
12:25 of 3rd period - Slapshot by Matthew Lombardi.
12:25 of 3rd period - Stopped by Kari Lehtonen without a rebound.
12:26 of 3rd period - Derek Roy wins face-off versus Jeff Carter in Jets zone.
12:31 of 3rd period - Lee Stempniak is hit by Dany Heatley.
12:47 of 3rd period - Icing by Benoit Pouliot.
12:48 of 3rd period - Kyle Wellwood wins face-off versus Derek Roy in Jets zone.
13:13 of 3rd period - Wrist shot by Derek Roy.
13:13 of 3rd period - Stopped by Cory Schneider with a rebound.
13:27 of 3rd period - Jeff Carter is hit by Tyler Myers.
13:31 of 3rd period - Snap shot by Benoit Pouliot.
13:31 of 3rd period - Stopped by Cory Schneider with a rebound.
13:48 of 3rd period - Snap shot by Derek Roy.
13:48 of 3rd period - Shot Misses the Net.
14:08 of 3rd period - Snap shot by Alexei Morozov.
14:08 of 3rd period - Stopped by Kari Lehtonen without a rebound.
14:09 of 3rd period - Kyle Wellwood wins face-off versus Mikko Koivu in Jets zone.
14:12 of 3rd period - Slapshot by Rostislav Olesz.
14:12 of 3rd period - Stopped by Kari Lehtonen without a rebound.
14:13 of 3rd period - Kyle Wellwood wins face-off versus Mikko Koivu in Jets zone.
14:14 of 3rd period - Snap shot by Jakub Voracek.
14:14 of 3rd period - Stopped by Kari Lehtonen without a rebound.
14:15 of 3rd period - Kyle Wellwood wins face-off versus Mikko Koivu in Jets zone.
14:22 of 3rd period - Snap shot by Rostislav Olesz.
14:22 of 3rd period - Shot Blocked by T.J. Oshie.
14:24 of 3rd period - Slapshot by Kyle Wellwood.
14:24 of 3rd period - Goal by Kyle Wellwood - Jets : 3 - Flyers : 2.
14:25 of 3rd period - Jeff Carter wins face-off versus Mikko Koivu in neutral zone.
14:28 of 3rd period - Snap shot by Dany Heatley.
14:28 of 3rd period - Stopped by Kari Lehtonen without a rebound.
14:29 of 3rd period - Jeff Carter wins face-off versus Mikko Koivu in Jets zone.
14:32 of 3rd period - Snap shot by Alexei Morozov.
14:32 of 3rd period - Deflect By Dany Heatley.
14:32 of 3rd period - Stopped by Kari Lehtonen without a rebound.
14:33 of 3rd period - Jeff Carter wins face-off versus Mikko Koivu in Jets zone.
14:42 of 3rd period - Wrist shot by Alexei Morozov.
14:42 of 3rd period - Stopped by Kari Lehtonen without a rebound.
14:43 of 3rd period - Jeff Carter wins face-off versus Mikko Koivu in Jets zone.
15:08 of 3rd period - Kyle Wellwood is hit by Derek Stepan and loses puck.
15:33 of 3rd period - Benoit Pouliot is hit by Mats Zuccarello and loses puck.
15:40 of 3rd period - Benoit Pouliot is hit by Chris Kreider and loses puck.
16:14 of 3rd period - Wrist shot by Kyle Wellwood.
16:14 of 3rd period - Shot Misses the Net.
17:02 of 3rd period - Snap shot by Michael Rupp.
17:02 of 3rd period - Shot Blocked by Nathan Paetsch.
17:04 of 3rd period - Backhand shot by Tyler Myers.
17:04 of 3rd period - Deflect By Matthew Lombardi.
17:04 of 3rd period - Stopped by Cory Schneider without a rebound.
17:05 of 3rd period - Mikko Koivu wins face-off versus Rickard Wallin in Flyers zone.
17:06 of 3rd period - Slapshot by Michael Rupp.
17:06 of 3rd period - Shot Misses the Net.
17:08 of 3rd period - Wrist shot by T.J. Oshie.
17:08 of 3rd period - Deflect By Stefan Ruzicka.
17:08 of 3rd period - Stopped by Cory Schneider with a rebound.
17:19 of 3rd period - Icing by Jeff Carter.
17:20 of 3rd period - Rickard Wallin wins face-off versus Fredrik Sjostrom in Flyers zone.
17:53 of 3rd period - Wrist shot by Jakub Voracek.
17:53 of 3rd period - Stopped by Kari Lehtonen without a rebound.
17:54 of 3rd period - Derek Stepan wins face-off versus Jeff Carter in Jets zone.
18:07 of 3rd period - Wrist shot by Fredrik Sjostrom.
18:07 of 3rd period - Stopped by Cory Schneider without a rebound.
18:08 of 3rd period - Jeff Carter wins face-off versus Derek Roy in Flyers zone.
18:21 of 3rd period - Travis Hamonic is hit by Dany Heatley and loses puck.
18:46 of 3rd period - Flyers, Cory Schneider is pulled from the net.
18:52 of 3rd period - Snap shot by Jeff Carter.
18:52 of 3rd period - Stopped by Kari Lehtonen without a rebound.
18:53 of 3rd period - Pat Quinn call a timeout for Flyers.
18:53 of 3rd period - Michael Rupp wins face-off versus Jeff Carter in Jets zone.
19:18 of 3rd period - Snap shot by Derek Roy.
19:18 of 3rd period - Shot Misses the Net.
19:20 of 3rd period - Wrist shot by Fredrik Sjostrom.
19:20 of 3rd period - Deflect By Derek Roy.
19:20 of 3rd period - Shot Blocked by Dany Heatley.
19:20 of 3rd period - Puck is out of play.
19:21 of 3rd period - Cory Schneider from Flyers was sent back in the game.
19:21 of 3rd period - Jeff Carter wins face-off versus Derek Roy in Flyers zone.
19:26 of 3rd period - Fredrik Sjostrom is hit by Alexei Morozov and loses puck.
19:57 of 3rd period - Wrist shot by Derek Roy.
19:57 of 3rd period - Stopped by Cory Schneider with a rebound.
19:59 of 3rd period - Backhand shot by Derek Roy.
19:59 of 3rd period - Stopped by Cory Schneider without a rebound.
Goals for this period are 1 for Jets vs 1 for Flyers.
Shots for this period are 13 for Jets vs 17 for Flyers.
Back to the Top